Map: Neon Violet Square LE

Players

Erfeyah - Winner!

  • Race: Terran Terran
  • Spawn Location: 11:00

A.I. 1 (Medium)

  • Race: Zerg Zerg
  • Spawn Location: 5:00

VOD

Have the link to the VOD?

Description

Time

  • Played on: Nov. 24, 2017, 2:18 p.m.
  • Length: 22:19
Show
View Real Time Build Order
Export as new Build Order

Erfeyah Terran - Winner!

Build Orders:  

Get SALT Encoding   

  12  0:02  SCV  
  13  0:23  SCV  
  13  0:24  Supply Depot  
  14  0:35  SCV  
  15  0:47  SCV  
  16  0:54  Barracks  
  16  0:59  SCV  
  17  1:09  Refinery  
  18  1:11  SCV  
  18  1:23  SCV  
  19  1:35  SCV  
  20  1:41  Supply Depot  
  20  1:47  SCV  
  21  1:58  Marine  
  21  1:59  SCV  
  23  2:16  Marine  
  23  2:17  Barracks  
  24  2:23  SCV  
  25  2:57  SCV, Marine, Command Center  
  27  3:06  Barracks  
  27  3:12  SCV  
  28  3:15  Marine  
  29  3:24  SCV  
  29  3:25  Marine  
  31  3:51  Supply Depot  
  31  3:59  Factory  
  31  4:08  Marine  
  31  4:09  SCV, Marine  
  34  4:16  Supply Depot  
  34  4:26  Marine  
  34  4:28  SCV  
  34  4:30  Marine x2  
  38  4:40  SCV  
  39  4:52  SCV  
  40  4:53  SCV  
  40  4:55  Marine x2  
  40  4:56  Marine  
  44  5:04  SCV  
  44  5:05  SCV  
  46  5:09  Refinery  
  46  5:13  Marine x3  
  49  5:31  Marine x2  
  51  5:36  Starport  
  47  5:47  Starport  
  44  5:56  SCV  
  44  5:57  SCV, Reaper x2  
  46  5:58  Reaper  
  49  6:11  Supply Depot  
  49  6:29  Reaper x2  
  49  6:30  SCV, Reaper  
  49  6:31  SCV, Supply Depot  
  54  6:42  SCV  
  54  6:43  SCV  
  56  6:55  SCV  
  56  7:00  Medivac  
  56  7:01  Medivac, Reaper  
  61  7:02  Reaper x2  
  61  7:07  SCV  
  65  7:22  Supply Depot  
  65  7:29  Medivac  
  65  7:33  Marine x2  
  65  7:34  Marine  
  70  7:45  SCV x2  
  70  7:49  Medivac  
  74  7:51  Marine x3  
  74  7:57  SCV x2  
  79  7:59  Medivac  
  81  8:09  Marine x2  
  84  8:19  Medivac, Refinery  
  86  8:30  Marine  
  86  8:39  Supply Depot  
  86  8:44  Starport  
  86  9:01  SCV x2, Marine x3  
  91  9:03  Supply Depot  
  91  9:13  SCV x2  
  93  9:18  Supply Depot  
  93  9:19  Reaper  
  93  9:23  Supply Depot  
  94  9:24  Reaper  
  94  9:25  SCV, Supply Depot  
  94  9:28  SCV  
  94  9:29  Marine  
  94  9:30  Supply Depot  
  98  9:31  Medivac x2  
  102  9:39  SCV  
  97  9:46  Marine  
  97  9:51  Marine  
  97  9:52  Supply Depot  
  97  9:56  Marine  
  98  10:01  Medivac  
  98  10:03  SCV x2  
  98  10:04  Marine  
  103  10:08  Marine  
  103  10:10  Medivac  
  103  10:14  Marine  
  106  10:15  SCV  
  108  10:22  Marine  
  109  10:28  Command Center  
  109  10:31  Medivac  
  111  10:40  Medivac  
  113  10:48  Supply Depot  
  113  10:53  Supply Depot  
  113  11:01  Medivac  
  115  11:10  Medivac  
  117  11:35  SCV  
  117  11:36  SCV  
  117  11:37  Marine x3  
  122  11:40  Medivac x2  
  126  11:55  Marine x3  
  129  12:10  Medivac x2  
  129  12:13  Marine x3  
  136  12:30  Marine  
  136  12:31  Marine  
  138  12:40  Medivac x2  
  142  12:53  Supply Depot  
  142  12:58  Supply Depot  
  142  13:02  SCV x2  
  144  13:08  SCV  
  144  13:10  Medivac, Marine x3  
  150  13:13  Medivac  
  150  13:14  SCV x2  
  150  13:16  Supply Depot  
  154  13:20  SCV  
  154  13:24  Supply Depot  
  154  13:26  SCV  
  156  13:28  Starport, Marine x3  
  151  13:39  Supply Depot  
  151  13:40  Medivac  
  144  13:43  Medivac  
  144  13:45  Marine  
  144  13:46  Marine x2  
  149  13:59  SCV  
  149  14:00  SCV  
  152  14:03  Marine x2  
  152  14:04  Marine  
  152  14:09  Medivac  
  155  14:12  SCV x2  
  155  14:13  Medivac  
  161  14:21  SCV, Marine x3  
  161  14:24  SCV x2  
  166  14:33  SCV  
  167  14:39  Medivac, Marine x3  
  167  14:41  SCV x2  
  167  14:43  Medivac  
  176  14:45  SCV  
  177  14:53  SCV x2  
  177  14:57  Marine x3  
  177  14:58  SCV  
  183  15:13  Medivac  
  187  15:14  Marine  
  187  15:15  Marine x2  
  190  15:27  SCV x2  
  190  15:28  SCV  
  193  15:31  Medivac  
  193  15:32  Marine x2  
  193  15:33  Marine  
  187  15:43  Medivac  
  177  15:50  Marine x3  
  174  16:01  Medivac  
  172  16:08  Marine x3  
  174  16:13  Medivac  
  174  16:17  SCV x3  
  179  16:26  Marine x3  
  179  16:31  Medivac  
  184  16:43  Medivac  
  184  16:44  Marine x3  
  188  17:01  Medivac, Marine x2  
  189  17:02  Marine  
  192  17:13  Medivac  
  194  17:19  Marine x3  
  188  17:31  Medivac  
  184  17:43  Medivac  
  182  18:01  Medivac  
  177  18:13  Medivac  
  165  18:37  SCV  
  165  18:38  SCV x2, Marine x3  
  165  18:41  Medivac  
  173  18:43  Medivac  
  175  18:50  SCV  
  176  18:56  Marine x3  
  179  19:11  Medivac  
  179  19:13  Medivac  
  179  19:14  Marine x3  
  186  19:32  Marine x3  
  189  19:41  Medivac  
  189  19:43  Medivac  
  193  19:49  Marine  
  193  19:50  Marine x2  
  195  20:07  Marine x2  
  195  20:08  Marine  
  195  20:11  Medivac  
  198  20:51  SCV x2  
  198  20:55  Reaper  
  199  21:13  SCV  
Show
View Real Time Build Order
Export as new Build Order

A.I. 1 (Medium) Zerg 

Build Orders: Pool First 

Get SALT Encoding   

  12  0:00  Drone  
  13  0:13  Overlord  
  13  0:18  Drone  
  14  0:31  Drone  
  14  0:34  Drone  
  16  0:44  Spawning Pool  
  16  0:45  Drone  
  16  0:50  Drone  
  16  0:52  Extractor  
  16  0:56  Drone  
  17  1:06  Overlord  
  17  1:31  Zergling x2, Queen  
  20  1:39  Drone, Roach Warren  
  20  1:40  Extractor  
  20  1:41  Zergling x2  
  20  1:49  Drone  
  21  2:00  Drone  
  22  2:10  Overlord  
  22  2:22  Roach  
  24  2:29  Baneling Nest  
  23  2:32  Drone  
  24  2:38  Drone, Roach  
  24  2:41  Drone  
  24  2:44  Drone  
  29  2:47  Ravager  
  30  2:55  Roach  
  32  3:04  Ravager  
  32  3:05  Overlord  
  33  3:09  Drone, Roach  
  33  3:12  Drone  
  37  3:17  Drone  
  38  3:21  Evolution Chamber  
  37  3:28  Drone  
  38  4:56  Lair, Drone, Roach, Overlord  
  38  4:57  Spore Crawler  
  38  4:59  Drone, Spore Crawler  
  40  5:02  Drone  
  40  5:05  Drone  
  42  5:14  Roach, Overlord  
  44  5:23  Spine Crawler  
  44  5:25  Drone, Spine Crawler, Roach  
  45  5:39  Zergling x2  
  38  5:49  Roach  
  36  5:53  Overseer x2, Queen  
  36  5:55  Infestation Pit  
  36  5:56  Drone  
  38  5:57  Hydralisk Den  
  38  5:59  Drone  
  38  6:00  Roach  
  40  6:05  Spire  
  40  6:07  Drone  
  40  6:15  Evolution Chamber  
  40  6:16  Drone  
  40  6:28  Hydralisk  
  42  6:33  Hatchery  
  42  6:36  Drone  
  42  6:39  Hydralisk  
  44  6:50  Hydralisk  
  46  7:00  Hydralisk  
  48  7:45  Queen  
  48  7:46  Drone  
  48  7:48  Drone  
  52  7:51  Drone  
  52  7:53  Extractor  
  52  7:54  Drone, Spore Crawler  
  52  7:56  Spore Crawler  
  52  7:57  Drone  
  52  8:00  Drone  
  52  8:03  Drone  
  54  8:06  Drone  
  54  8:08  Drone  
  54  8:11  Drone  
  57  8:14  Drone  
  57  8:17  Drone  
  59  8:20  Drone  
  59  8:21  Spine Crawler, Overlord  
  59  8:23  Drone, Spine Crawler  
  59  8:26  Drone  
  60  8:29  Drone  
  60  8:32  Drone  
  62  8:35  Drone  
  62  8:37  Drone  
  64  8:43  Overseer  
  64  8:44  Overlord  
  64  8:46  Drone  
  65  8:49  Drone  
  65  8:52  Drone  
  67  9:00  Pneumatized Carapace  
  67  9:01  Overseer  
  67  9:02  Roach, Overlord  
  69  9:09  Roach  
  71  9:13  Zerg Melee Weapons Level 1  
  71  9:17  Roach  
  73  9:18  Zerg Ground Armor Level 1  
  73  9:20  Drone  
  73  9:21  Overlord  
  73  9:24  Roach  
  76  9:29  Burrow  
  76  9:30  Infestor  
  78  9:43  Zergling x2  
  78  9:45  Hive  
  70  9:50  Roach  
  62  9:54  Overseer  
  62  9:56  Hydralisk  
  64  10:03  Hydralisk  
  66  10:11  Roach  
  66  10:13  Overlord  
  68  10:18  Roach  
  70  10:26  Roach  
  72  10:31  Extractor  
  72  10:33  Roach  
  73  10:39  Hydralisk  
  75  10:47  Hydralisk  
  77  10:57  Greater Spire, Ultralisk Cavern  
  77  10:59  Drone  
  77  11:07  Zerg Missile Weapons Level 1  
  77  11:25  Hatchery  
  76  12:09  Spire  
  76  12:10  Drone  
  76  12:39  Queen, Drone  
  76  12:42  Drone  
  80  12:45  Drone  
  80  12:46  Extractor  
  80  12:47  Drone, Spore Crawler  
  80  12:50  Viper, Drone, Mutalisk  
  80  12:51  Overlord  
  86  12:53  Spore Crawler, Extractor  
  86  12:57  Mutalisk  
  86  13:03  Mutalisk  
  88  13:09  Mutalisk  
  88  13:10  Overlord  
  90  13:16  Mutalisk  
  92  13:22  Corruptor  
  92  13:24  Spine Crawler  
  92  13:27  Viper  
  92  13:28  Spine Crawler  
  92  13:29  Zerg Flyer Weapons Level 1, Drone, Overlord, Mutalisk  
  92  13:32  Drone  
  86  13:34  Drone  
  86  13:36  Mutalisk  
  86  13:37  Drone  
  86  13:39  Zerg Flyer Armor Level 1  
  86  13:40  Drone  
  75  13:42  Overseer, Mutalisk  
  75  13:43  Drone  
  75  13:46  Drone  
  79  13:48  Mutalisk  
  79  13:49  Drone  
  79  13:52  Drone  
  79  13:55  Drone, Mutalisk  
  84  13:58  Drone  
  84  14:01  Drone, Corruptor  
  90  14:04  Drone  
  90  14:06  Overlord  
  90  14:07  Drone  
  90  14:08  Corruptor  
  94  14:52  Zerg Missile Weapons Level 2  
  94  15:05  Zerg Ground Armor Level 2  
  94  15:29  Zerg Flyer Weapons Level 2  
  94  15:33  Zerg Flyer Armor Level 2  
  94  15:39  Queen, Mutalisk  
  88  15:46  Mutalisk  
  88  15:49  Drone  
  72  15:52  Mutalisk  
  72  15:55  Viper  
  70  15:59  Mutalisk  
  70  16:01  Overseer, Overlord  
  70  16:05  Overseer, Mutalisk  
  64  16:12  Corruptor  
  64  16:16  Spine Crawler  
  59  16:19  Drone, Spore Crawler  
  59  16:22  Drone, Mutalisk  
  57  16:25  Drone  
  57  16:28  Drone  
  57  16:32  Zergling x2  
  53  16:38  Overlord  
  44  16:41  Ultralisk  
  49  16:50  Hydralisk, Overseer  
  50  16:59  Hydralisk  
  50  17:00  Overlord  
  44  17:07  Drone, Roach  
  39  17:08  Drone  
  39  17:10  Drone  
  31  17:16  Zergling x2, Drone  
  31  17:19  Drone  
  31  17:22  Drone  
  27  17:25  Drone  
  27  17:26  Queen, Ultralisk  
  27  17:27  Drone  
  32  17:30  Queen, Drone  
  32  17:33  Drone  
  32  17:35  Zergling x2  
  32  17:37  Drone  
  25  17:38  Hatchery  
  25  17:39  Drone  
  25  17:42  Drone  
  23  17:45  Drone  
  23  17:48  Drone  
  23  17:51  Drone  
  23  17:54  Drone  
  23  17:57  Drone  
  22  17:59  Zergling x2  
  17  18:06  Queen  
  17  18:10  Drone  
  17  18:18  Drone  
  18  18:21  Drone  
  18  18:24  Drone  
  20  18:27  Drone, Extractor  
  20  18:32  Drone  
  21  18:39  Hatchery  
  20  18:43  Drone  
  20  18:47  Drone  
  22  18:50  Extractor  
  21  19:03  Extractor  
  20  19:11  Drone  
  21  19:17  Drone  
  23  19:24  Drone  
  23  19:32  Drone  
  24  19:39  Drone  
  24  19:44  Drone  
  26  19:50  Drone  
  27  19:57  Drone  
  27  19:58  Drone x3  
  27  20:02  Drone x2  
  15  20:33  Drone  
Tags
 
Add a new tag
Caveats
  • Supply blocks, unpowered buildings, or Contaminate may cause inaccurate times.
  • Supply counts are checked every 10 seconds.